 Dungeon Crawl Stone Soup version 0.29.0-4-gdea44cf6ec (webtiles) character file.

Game seed: 7525904452192139600

22 qw the Chopper (level 2, -1/17 HPs)
             Began as a Tengu Warper on Aug 28, 2022.
             Slain by a goblin
             ... wielding a +4 dagger of distortion
              (4 damage)
             ... on level 1 of the Dungeon.
             The game lasted 00:00:05 (985 turns).

qw the Chopper (Tengu Warper)                        Turns: 985, Time: 00:00:05

Health: -1/17      AC:  3    Str: 11    XL:     2   Next: 91%
Magic:  6/6        EV: 11    Int: 13    God:
Gold:   46         SH:  0    Dex: 13    Spells: 5/5 levels left

rFire   . . .      SeeInvis .   a - +0 hand axe
rCold   . . .      Faith    .   (no shield)
rNeg    . . .      Spirit   .   b - +0 leather armour
rPois   .          Reflect  .   (helmet restricted)
rElec   .          Harm     .   (no cloak)
rCorr   .          Rampage  .   (no gloves)
Will    .....                   (boots unavailable)
Stlth   +.........              (no amulet)
HPRegen 0.05/turn               (no ring)
MPRegen 0.10/turn               (no ring)

@: no status effects
A: beak, talons 3
a: no special abilities


You were on level 1 of the Dungeon.
You visited 1 branch of the dungeon, and saw 1 of its levels.

You collected 46 gold pieces.


Innate Abilities, Weirdness & Mutations

You have a beak for a mouth.
You have claws for feet.


   Skills:
 - Level 2.0 Fighting
 + Level 3.6 Axes
 - Level 1.0 Throwing
 - Level 1.1 Armour
 - Level 2.1 Dodging
 - Level 2.0 Spellcasting
 - Level 2.4 Translocations


You had 5 spell levels left.
You didn't know any spells.
Your spell library contained the following spells:

 Spells                   Type           Power      Damage    Failure   Level
 Blink                    Tloc           14%        N/A       19%         2
 Gell's Gravitas          Tloc           7%         N/A       36%         3
 Lesser Beckoning         Tloc           7%         N/A       36%         3
 Teleport Other           Tloc           7%         N/A       36%         3
 Manifold Assault         Tloc           7%         N/A       98%         5

Inventory:

Hand Weapons
 a - a +0 hand axe (weapon)
 f - a +0 whip
Armour
 b - a +0 leather armour (worn)
 d - a +0 pair of gloves
 j - a +0 ring mail
 m - a +0 scale mail
Scrolls
 c - a scroll of blinking
 g - a scroll of vulnerability {unknown}
 h - 2 scrolls of identify {unknown}
 l - a scroll of silence {unknown}
Potions
 e - a potion of flight {unknown}
 i - 2 potions of curing {unknown}
 k - a potion of might {unknown}

Dungeon Overview and Level Annotations

Branches:
Dungeon (1/15)

Altars:


Message History

HP restored.
You open the door.
There is an open door here.
You open the door.
There is an open door here.
Found 8 stones.
You open the door.
There is an open door here.
There is an open door here.
You open the door. As you open the door, it creaks loudly!
There is an open door here.
You open the door.
There is an open door here.
You open the door.
There is an open door here.
There is an open door here.
A goblin comes into view. It is wielding a +0 dagger.
The goblin shouts!
A goblin comes into view.
It is wielding a +4 dagger of distortion.
Enter note:
975 ||| Stepping ~*~*~tactically~*~*~ (stealth).
A quokka comes into view.
977 ||| Stepping ~*~*~tactically~*~*~ (stealth).
The goblin shouts!
You closely miss the goblin. The goblin closely misses you.
You barely miss the goblin. Your peck misses the goblin.
You hit the goblin but do no damage. You punch the goblin, but do no damage.
You barely miss the goblin.
The goblin hits you with a +4 dagger of distortion.
Space warps around you. The goblin hits you with a +0 dagger.
You miss the goblin. Your kick misses the goblin. You barely miss the goblin.
The goblin barely misses you. The goblin hits you with a +0 dagger.
You hit the goblin. You claw the goblin.
You kill the goblin!
You closely miss the goblin.
The goblin hits you with a +4 dagger of distortion.
Space warps around you.
You die...

## .# .# .# ############### .#
#..............
.#########...........###########
................)g.# #.........#
................@#.g.#.#######.##
.###'###.........# #.#.# #.##
####.####'....}..# #.# #.##
..##..##.##......# #.#######.##
#.###.##..###....# #.#..^..#.##
#.....###...#....# #.#.###>#.##
#####.#####.##...# #.#........#
....#..####.##+..# #.#.#.#.#..#
###.##......#.#..# #.#.#...#..#


You could see a goblin.

Vanquished Creatures
  A dart slug (D:1)
  A ball python (D:1)
  An endoplasm (D:1)
  A giant cockroach (D:1)
  2 goblins (D:1)
  3 hobgoblins (D:1)
  3 jackals (D:1)
  A quokka (D:1)
  2 frilled lizards (D:1)
  2 kobolds (D:1)
  2 rats (D:1)
19 creatures vanquished.

Vanquished Creatures (others)
  23 plants (D:1)
23 creatures vanquished.

Grand Total: 42 creatures vanquished

Notes
Turn   | Place    | Note
-------+----------+-------------------------------------------
     0 | D:1      | qw the Tengu Warper began the quest for the Orb.
     0 | D:1      | Reached XP level 1. HP: 12/12 MP: 4/4
     0 | D:1      | 0 ||| qw: Version: 0.1-a-89-g26bdef1
     0 | D:1      | 0 ||| qw: Game counter: 2576
     0 | D:1      | 0 ||| qw: Always use a shield: true
     0 | D:1      | 0 ||| qw: God list: Okawaru
     0 | D:1      | 0 ||| qw: Allow faded altars: false
     0 | D:1      | 0 ||| qw: Do Orc after D:15 true
     0 | D:1      | 0 ||| qw: Do second Lair branch before Depths: true
     0 | D:1      | 0 ||| qw: Lair rune preference: random
     0 | D:1      | 0 ||| qw: Plans: Normal
     0 | D:1      | 0 ||| PLANNING D:1-11
   464 | D:1      | Reached XP level 2. HP: 17/17 MP: 6/6
   506 | D:1      | Reached skill level 3 in Axes
   535 | D:1      | 535 ||| Stepping ~*~*~tactically~*~*~ (stealth).
   572 | D:1      | 572 ||| Stepping ~*~*~tactically~*~*~ (hiding).
   575 | D:1      | 575 ||| Stepping ~*~*~tactically~*~*~ (hiding).
   680 | D:1      | 680 ||| Stepping ~*~*~tactically~*~*~ (stealth).
   975 | D:1      | 975 ||| Stepping ~*~*~tactically~*~*~ (stealth).
   977 | D:1      | 977 ||| Stepping ~*~*~tactically~*~*~ (stealth).
   985 | D:1      | HP: 3/17 [goblin/+4 dagger of distortion (4)]
   985 | D:1      | Slain by a goblin

Levels and vault maps discovered:
D:1:      nicolae_arrival_somewhat_less_tricky_arrival, layout_basic,
          serial_bayou_lagoon_a, minivault_11

Skill      XL: |  1  2 |
---------------+-------+-----
Axes           | 3 |  3.6
Fighting       | |  2.0
Throwing       | |  1.0
Armour         | |  1.1
Dodging        | |  2.1
Spellcasting   | |  2.0
Translocations | |  2.4

Action                   || total
-------------------------++-------
Melee: Hand axe          ||    46
       Kick              ||    13
       Peck              ||     7
       Punch             ||     1
Throw: Boomerang         ||     7
Armor: Leather armour    ||     6
Dodge: Dodged            ||    26

Table legend:
 A = Non-vault XP
 B = Vault XP
 C = Vault XP percentage of total XP
 D = Non-vault monster count
 E = Vault monster count
 F = Vault count percentage of total count
                 A         B        C        D         E       F
            +---------+---------+-------+---------+---------+-------
      Total |      34 |       0 |   0.0 |      19 |       0 |   0.0
            +---------+---------+-------+---------+---------+-------
        D:1 |      34 |       0 |   0.0 |      19 |       0 |   0.0
            +---------+---------+-------+---------+---------+-------
